Map: Pillars of Gold LE

Players

Vindicta

  • Race: Terran Terran
  • League: Master
  • Spawn Location: 1:00

Nina - Winner!

  • Race: Protoss Protoss
  • League: Grandmaster
  • Spawn Location: 7:00

Event: DreamHack SC2 Masters 2020 Summer North America

VOD

Have the link to the VOD?

Description

Time

  • Played on: July 2, 2020, 5:44 p.m.
  • Length: 22:16

All games in this series

Show
View Real Time Build Order
Export as new Build Order

Vindicta Terran 

Build Orders: Reaper Expand 

Get SALT Encoding   

  12  0:01  SCV  
  13  0:13  SCV  
  14  0:18  Supply Depot  
  14  0:25  SCV  
  15  0:39  SCV  
  15  0:40  Barracks  
  16  0:45  Refinery  
  16  0:52  SCV  
  17  1:04  SCV  
  18  1:16  SCV  
  19  1:28  Reaper  
  19  1:29  Orbital Command  
  20  1:48  Command Center  
  20  1:55  SCV  
  20  1:59  Supply Depot  
  21  2:01  Marine  
  21  2:08  SCV  
  23  2:16  Factory  
  23  2:20  SCV  
  23  2:22  Barracks Reactor  
  24  2:28  Bunker  
  24  2:34  SCV, Refinery  
  25  2:46  SCV  
  25  2:59  Marine x2, Factory Tech Lab  
  25  3:01  Orbital Command  
  25  3:02  SCV  
  28  3:14  SCV  
  28  3:17  Marine x2  
  28  3:19  Cyclone  
  34  3:26  SCV  
  35  3:27  Starport  
  35  3:30  SCV  
  36  3:36  Supply Depot  
  36  3:39  Marine x2  
  38  3:41  SCV  
  38  3:50  SCV  
  38  3:51  Cyclone  
  42  3:57  Marine x2  
  42  3:58  SCV  
  42  4:01  Supply Depot  
  42  4:02  SCV  
  46  4:06  Medivac  
  48  4:10  SCV  
  48  4:12  Barracks  
  48  4:15  SCV  
  50  4:19  Marine  
  50  4:20  Marine  
  50  4:22  SCV  
  53  4:27  SCV  
  53  4:29  Siege Tank  
  57  4:33  Refinery  
  57  4:34  SCV, Engineering Bay  
  58  4:39  SCV  
  58  4:44  Starport Tech Lab  
  59  4:45  Supply Depot  
  59  4:50  SCV, Barracks  
  59  4:51  SCV  
  61  4:53  Marine  
  62  5:04  Barracks Tech Lab  
  62  5:07  Marine, Siege Tank  
  62  5:11  Terran Infantry Weapons Level 1  
  62  5:12  SCV  
  62  5:14  Marine  
  64  5:15  SCV  
  64  5:17  Missile Turret  
  64  5:19  Missile Turret  
  66  5:23  Stimpack  
  66  5:24  SCV  
  66  5:27  Marauder  
  70  5:38  Starport Reactor  
  70  5:39  Marine  
  70  5:40  Supply Depot  
  70  5:42  Supply Depot  
  70  5:48  Combat Shield  
  70  5:49  Refinery  
  70  5:56  SCV, Marine  
  70  6:01  Marauder x2, Marine  
  77  6:14  Marine  
  77  6:16  SCV  
  77  6:17  Medivac  
  79  6:19  Marine  
  79  6:22  SCV  
  79  6:23  Marauder  
  79  6:24  Command Center  
  83  6:25  Medivac  
  83  6:26  Supply Depot  
  83  6:31  Missile Turret  
  83  6:32  SCV  
  86  6:48  Supply Depot, Marauder  
  86  6:49  Barracks x2  
  86  6:51  Supply Depot, Marauder  
  90  6:54  SCV  
  90  6:55  Marine  
  92  7:05  Medivac  
  92  7:07  Terran Infantry Armor Level 1  
  94  7:09  Marine, Siege Tank  
  94  7:12  Supply Depot  
  94  7:15  Marine x2  
  100  7:18  Concussive Shells  
  100  7:21  SCV  
  101  7:23  SCV  
  101  7:24  Marine  
  101  7:27  Marine  
  104  7:33  SCV  
  104  7:35  SCV  
  105  7:38  Marine  
  105  7:41  Siege Tank  
  105  7:42  Orbital Command  
  109  7:45  SCV  
  109  7:47  SCV  
  109  7:49  Liberator  
  114  7:51  Barracks Reactor  
  114  8:00  Orbital Command  
  114  8:01  SCV, Marine x2  
  114  8:02  Sensor Tower  
  118  8:09  Barracks Tech Lab  
  117  8:14  Siege Tank  
  117  8:15  SCV  
  117  8:16  Marauder, Marine  
  117  8:18  SCV  
  125  8:21  Medivac  
  125  8:27  SCV, Supply Depot  
  127  8:29  Supply Depot  
  127  8:30  SCV  
  127  8:31  Marine  
  130  8:35  Marine  
  130  8:39  Marine x3, Ghost Academy  
  130  8:41  SCV  
  134  8:47  Refinery  
  134  8:48  Refinery  
  134  8:49  Marine  
  134  8:51  Marine  
  134  8:55  Siege Tank  
  138  8:56  SCV x2  
  138  8:57  SCV  
  138  9:00  Marine  
  142  9:06  Marine  
  142  9:07  Marauder, Marine  
  142  9:08  SCV x2, Marauder  
  149  9:15  Enhanced Shockwaves  
  152  9:21  Liberator  
  152  9:24  Marine  
  155  9:25  Supply Depot, Marine x2  
  155  9:27  Ghost, Marine  
  155  9:29  Marine  
  155  9:31  Siege Tank  
  162  9:34  SCV  
  162  9:38  Marine  
  161  9:41  Marine  
  161  9:43  Marine  
  161  9:44  Marine  
  165  9:47  Marauder, Marine  
  165  9:50  Supply Depot  
  165  9:52  Supply Depot, Liberator  
  173  10:05  Missile Turret  
  173  10:06  Supply Depot, Ghost  
  173  10:07  Supply Depot  
  173  10:11  Armory  
  173  10:12  Siege Tank  
  176  10:15  Ghost x2  
  180  10:26  SCV x2  
  182  10:35  Ghost, Command Center  
  184  10:37  Marine  
  182  10:44  Siege Tank  
  182  10:45  Marauder, Marine  
  182  10:46  Marauder  
  182  10:49  Marine  
  191  11:03  Marine, Liberator  
  195  11:04  Marauder, Marine  
  195  11:05  Marine  
  195  11:06  Marauder  
  195  11:07  Marine  
  195  11:12  Marine  
  195  11:15  Medivac  
  195  11:16  Siege Tank  
  198  11:18  Barracks  
  198  11:19  Terran Infantry Weapons Level 2, Barracks  
  198  11:21  Marine  
  198  11:25  Terran Vehicle Weapons Level 1  
  194  11:26  Sensor Tower  
  194  11:30  Marine  
  194  11:31  Marauder  
  194  11:34  Marauder, Marine  
  194  11:36  Marauder, Marine  
  195  11:54  Marauder, Marine  
  174  11:55  Liberator  
  174  11:56  Marine x2  
  174  11:57  Planetary Fortress, Marauder  
  174  11:58  Marauder  
  174  11:59  SCV x2  
  181  12:07  Siege Tank  
  184  12:13  Marine  
  184  12:15  Ghost, Missile Turret  
  183  12:17  Ghost  
  183  12:19  Marauder  
  183  12:20  SCV  
  188  12:23  Barracks Tech Lab  
  188  12:24  SCV x2  
  190  12:31  Refinery  
  190  12:35  Barracks Tech Lab  
  188  12:39  Marine  
  188  12:40  Liberator  
  188  12:41  Marauder  
  192  12:44  Marine  
  192  12:45  Marauder  
  192  12:47  Marauder x2, Marine, Siege Tank  
  141  12:59  Marine x2  
  141  13:02  SCV, Marauder  
  148  13:06  Marauder  
  148  13:07  Engineering Bay, Refinery  
  148  13:08  Ghost  
  148  13:10  Ghost, Sensor Tower  
  152  13:13  SCV  
  152  13:16  Ghost  
  155  13:27  Ghost  
  155  13:31  Siege Tank  
  160  13:35  Terran Vehicle Weapons Level 2  
  160  13:36  Terran Infantry Armor Level 2  
  157  13:45  Ghost  
  157  13:48  Marauder x2, Marine x2  
  164  13:53  Medivac  
  166  13:56  Marauder, Marine  
  166  14:02  Marine  
  170  14:08  Command Center  
  175  14:10  Medivac, Marauder  
  175  14:14  Marine  
  175  14:15  Ghost  
  180  14:20  Personal Cloaking  
  180  14:23  Medivac  
  180  14:24  Ghost Academy  
  180  14:29  Command Center  
  179  14:35  Ghost  
  179  14:37  Marauder  
  172  14:39  Siege Tank  
  172  14:40  Marine  
  172  14:43  Marine  
  179  14:46  Medivac  
  179  14:49  Marauder, Marine  
  179  14:52  Terran Infantry Weapons Level 3  
  180  14:53  Marauder, Marine  
  180  14:57  Nuke  
  180  14:59  Medivac  
  185  15:05  Marauder, Marine x2  
  185  15:06  Marine  
  190  15:07  Marine  
  190  15:13  Marine  
  190  15:14  Marauder  
  190  15:21  Refinery  
  187  15:29  Marauder, Marine  
  187  15:34  Marauder, Marine x2  
  187  15:35  Marauder  
  194  15:36  Siege Tank  
  194  15:37  Marine  
  194  15:38  Marauder  
  196  15:47  Orbital Command  
  195  15:50  Command Center, Marine  
  195  15:51  Marauder  
  199  15:59  Marine  
  199  16:03  Marine  
  192  16:14  Ghost  
  192  16:15  Marine  
  192  16:16  Marauder  
  190  16:20  Marine  
  190  16:23  Refinery  
  185  16:26  Refinery  
  185  16:29  Siege Tank  
  185  16:30  Marauder, Marine x2  
  185  16:31  Marauder, Marine  
  194  16:33  Marine  
  193  16:46  Marauder, Marine  
  189  16:50  Nuke  
  189  16:52  Nuke  
  186  16:54  Orbital Command  
  186  16:57  SCV x3  
  189  17:01  Siege Tank  
  189  17:02  Planetary Fortress  
  191  17:09  SCV x2, Orbital Command  
  192  17:17  Ghost  
  192  17:19  Marine  
  195  17:24  Marine  
  195  17:25  Marauder  
  197  17:33  Siege Tank  
  196  17:44  Marauder x2, Marine x4  
  176  17:45  Marauder  
  176  17:46  Marauder  
  176  17:47  Viking, Marauder  
  154  18:01  Marine x2  
  154  18:02  Marine x2  
  149  18:05  Marine, Siege Tank  
  149  18:06  Marauder x2  
  149  18:07  Marauder  
  149  18:08  Marauder  
  149  18:10  Refinery  
  149  18:11  Refinery  
  153  18:12  Neosteel Armor  
  153  18:13  Terran Infantry Armor Level 3  
  153  18:19  Marine  
  151  18:23  Ghost  
  149  18:31  Ghost  
  148  18:34  Marauder, Marine  
  148  18:35  Marine  
  148  18:36  Marauder, Marine  
  148  18:37  Marauder, Marine, Siege Tank  
  161  18:43  Viking  
  161  18:45  Orbital Command  
  161  18:47  Medivac  
  165  18:52  Marauder, Marine  
  165  18:55  Ghost  
  159  18:57  Marauder  
  159  18:58  Marauder  
  159  19:00  Marauder  
  159  19:02  Marine  
  160  19:03  SCV  
  160  19:08  SCV  
  163  19:11  SCV  
  163  19:13  Ghost  
  152  19:18  SCV x2  
  152  19:19  Marauder  
  152  19:20  SCV  
  152  19:23  SCV  
  146  19:25  Nuke  
  146  19:26  Marine  
  146  19:27  Marauder x2  
  146  19:28  Orbital Command, Marine  
  146  19:29  Marine  
  146  19:30  SCV, Marine  
  155  19:35  SCV  
  154  19:43  Siege Tank  
  154  19:44  Marine x2  
  154  19:45  Marauder x2  
  163  19:46  Marine  
  163  19:47  Orbital Command  
  163  19:51  Orbital Command  
  165  19:55  SCV, Factory  
  159  20:05  SCV, Marine  
  159  20:06  Marauder, Marine  
  159  20:07  SCV x2, Marine  
  155  20:08  Marauder  
  155  20:09  Marine  
  157  20:18  SCV x3  
  157  20:19  SCV x2  
  162  20:24  Missile Turret  
  161  20:33  Marauder, Marine  
  161  20:34  SCV  
  158  20:36  Nuke  
  158  20:37  Marine  
  158  20:39  SCV  
  158  20:40  SCV  
  158  20:44  Siege Tank  
  155  20:51  Liberator  
  155  20:52  SCV x2  
  155  20:56  Marine  
  155  20:57  Marauder  
  160  20:58  Nuke  
Show
View Real Time Build Order
Export as new Build Order

Nina Protoss - Winner!

Build Orders: Colossus Rush 

Get SALT Encoding   

  12  0:01  Probe  
  13  0:13  Probe  
  14  0:19  Pylon  
  14  0:25  Probe  
  15  0:35  Probe  
  15  0:38  Gateway  
  16  0:43  Probe  
  16  0:46  Assimilator  
  17  0:51  Probe  
  18  1:04  Probe  
  19  1:16  Probe  
  20  1:25  Cybernetics Core  
  20  1:31  Probe  
  21  1:37  Pylon  
  21  1:43  Probe  
  22  1:49  Nexus  
  22  1:52  Adept, Assimilator  
  22  2:02  Warp Gate  
  22  2:05  Probe  
  25  2:13  Stalker  
  25  2:17  Probe  
  29  2:30  Probe  
  29  2:36  Robotics Facility  
  29  2:42  Probe  
  30  2:54  Probe  
  31  3:00  Stalker  
  31  3:02  Probe  
  31  3:03  Gateway  
  34  3:06  Probe  
  35  3:13  Probe  
  35  3:16  Probe  
  37  3:21  Probe  
  37  3:23  Assimilator  
  37  3:24  Probe, Observer  
  39  3:29  Probe  
  39  3:30  Robotics Bay  
  39  3:32  Probe  
  41  3:35  Pylon  
  41  3:40  Probe  
  42  3:44  Probe  
  42  3:46  Warp Prism  
  44  3:53  Probe  
  45  3:56  Probe  
  45  4:00  Pylon  
  46  4:03  Stalker  
  46  4:05  Probe, Assimilator  
  46  4:08  Probe  
  50  4:15  Disruptor  
  50  4:17  Probe  
  50  4:19  Gravitic Drive  
  50  4:21  Probe  
  55  4:25  Stalker  
  55  4:29  Probe  
  58  4:33  Probe  
  58  4:35  Pylon  
  59  4:41  Probe  
  59  4:44  Forge  
  60  4:45  Probe  
  60  4:51  Pylon  
  60  4:52  Observer  
  61  4:53  Probe  
  63  5:01  Nexus  
  63  5:08  Probe, Protoss Ground Weapons Level 1  
  63  5:13  Stalker x2  
  68  5:15  Probe  
  68  5:17  Shield Battery  
  69  5:28  Colossus  
  75  5:40  Twilight Council  
  75  5:45  Gateway  
  75  5:48  Gateway  
  75  5:49  Probe  
  76  5:50  Extended Thermal Lance  
  76  5:55  Charge  
  76  5:59  Probe  
  76  6:02  Pylon  
  77  6:05  Gateway  
  77  6:07  Probe, Sentry  
  77  6:11  Photon Cannon  
  78  6:14  Gateway  
  78  6:15  Pylon, Observer  
  78  6:20  Zealot  
  78  6:21  Probe, Colossus  
  87  6:34  Probe x2  
  87  6:36  Probe  
  87  6:38  Sentry  
  91  6:44  Zealot  
  91  6:46  Probe x2  
  95  6:48  Probe, Shield Battery  
  95  6:50  Zealot  
  95  6:52  Zealot  
  100  6:58  Probe x2  
  102  7:01  Gateway  
  102  7:03  Pylon  
  102  7:04  Zealot  
  102  7:06  Zealot  
  107  7:08  Probe  
  107  7:10  Zealot  
  107  7:13  Pylon  
  109  7:15  Pylon  
  109  7:17  Protoss Ground Armor Level 1  
  109  7:21  Probe  
  109  7:22  Zealot x2  
  113  7:25  Zealot  
  113  7:28  Pylon  
  114  7:35  Stalker x2  
  117  7:37  Zealot  
  117  7:38  Blink  
  117  7:43  Zealot x2  
  123  7:45  Probe  
  123  7:46  Observer  
  123  7:49  Probe  
  125  7:56  Pylon  
  126  7:59  Probe  
  126  8:01  Probe  
  126  8:02  Probe  
  126  8:05  Assimilator  
  129  8:07  Pylon  
  129  8:12  Observer  
  128  8:17  Zealot x5  
  128  8:18  Zealot  
  140  8:21  Probe  
  140  8:23  Assimilator  
  140  8:25  Pylon  
  141  8:27  Probe  
  142  8:35  Templar Archives  
  142  8:37  Gateway  
  142  8:38  Zealot x3  
  146  8:42  Photon Cannon  
  146  8:45  Zealot  
  146  8:49  Observer  
  146  8:51  Probe  
  146  8:58  Robotics Bay  
  146  8:59  Robotics Facility  
  146  9:02  Stalker x2  
  151  9:05  Observer  
  151  9:12  Nexus  
  151  9:17  Psionic Storm  
  151  9:19  High Templar x2  
  151  9:21  High Templar  
  151  9:22  High Templar  
  157  9:27  Pylon  
  157  9:37  Pylon  
  157  9:43  Pylon  
  157  9:45  Disruptor  
  160  9:46  Disruptor  
  160  9:47  High Templar  
  160  9:49  Shield Battery  
  160  9:51  Pylon  
  162  9:53  Pylon  
  162  9:55  Probe, Pylon  
  162  9:57  Probe x2  
  164  10:02  Stalker x2  
  164  10:06  Stalker  
  170  10:08  Probe  
  171  10:20  Photon Cannon  
  171  10:22  Probe  
  171  10:23  Disruptor x2  
  171  10:24  Pylon  
  171  10:26  Probe  
  171  10:27  Probe  
  171  10:28  Probe  
  181  10:34  Stalker  
  181  10:35  Stalker  
  183  10:43  Stalker  
  183  10:44  Zealot x3  
  183  10:46  Probe  
  192  10:55  Zealot x2  
  195  11:02  Stalker x2  
  191  11:05  Immortal  
  191  11:08  Immortal  
  191  11:10  Protoss Ground Armor Level 2  
  186  11:13  Zealot x2  
  186  11:17  High Templar x3  
  190  11:31  Zealot x3  
  196  11:37  Archon  
  196  11:38  Zealot x2  
  128  11:54  Zealot x2  
  128  11:55  Zealot x4  
  128  11:58  Probe  
  128  12:01  Zealot x2  
  145  12:04  Disruptor x2  
  145  12:05  Probe  
  145  12:06  Probe  
  153  12:13  Probe  
  152  12:15  Zealot  
  152  12:16  Zealot x5  
  152  12:21  Probe  
  165  12:27  Zealot x2  
  165  12:28  Probe  
  170  12:34  Probe  
  169  12:39  Zealot x3  
  169  12:40  Zealot x2  
  144  12:52  Disruptor  
  144  12:54  Zealot x3  
  144  12:56  Disruptor  
  120  12:59  Stalker  
  120  13:00  Stalker x4  
  120  13:02  Probe  
  132  13:16  High Templar x2  
  132  13:17  Probe  
  132  13:18  Probe x2  
  139  13:24  Assimilator  
  139  13:25  Shield Battery, Assimilator, High Templar x2  
  139  13:26  Zealot x2  
  147  13:43  Stalker x2  
  147  13:44  Disruptor  
  147  13:48  Observer  
  151  13:51  Stalker  
  151  13:52  Stalker x3  
  163  13:59  Disruptor  
  163  14:00  Pylon  
  163  14:02  Stalker x2  
  167  14:03  Shield Battery, Photon Cannon  
  170  14:11  Photon Cannon  
  170  14:13  Shield Battery  
  170  14:16  Stalker x3  
  173  14:19  Disruptor  
  176  14:31  Disruptor  
  176  14:34  Nexus  
  176  14:39  High Templar x2  
  183  14:46  Protoss Ground Weapons Level 2, Pylon  
  183  14:49  Pylon, Observer  
  183  14:52  Photon Cannon  
  183  14:55  Gateway, Observer  
  183  14:58  Gateway x2  
  184  15:03  High Templar  
  184  15:06  Zealot x2  
  190  15:07  Disruptor  
  193  15:14  Shield Battery  
  193  15:15  Shield Battery  
  193  15:18  Photon Cannon  
  193  15:25  Zealot x3  
  198  15:36  Zealot  
  198  15:39  Dark Shrine  
  200  15:52  Shield Battery  
  200  15:54  Photon Cannon  
  200  15:56  Photon Cannon  
  200  16:07  Observer  
  198  16:14  Zealot  
  198  16:15  Zealot  
  198  16:22  Observer  
  197  16:27  Observer  
  197  16:29  Zealot  
  197  16:31  Photon Cannon  
  200  16:34  Pylon  
  196  16:48  Photon Cannon  
  196  16:57  Zealot  
  198  17:07  Pylon  
  198  17:14  High Templar  
  200  17:16  Assimilator  
  200  17:20  Assimilator  
  200  17:25  Gateway  
  200  17:28  Gateway  
  193  17:42  Archon  
  193  17:44  Zealot x6  
  173  17:49  Zealot x5  
  140  18:04  Disruptor x2  
  140  18:05  Stalker x5  
  132  18:09  Stalker x4  
  132  18:12  Probe x2  
  152  18:16  Zealot x2  
  152  18:18  Shadow Stride  
  152  18:29  Gravitic Boosters  
  152  18:35  Warp Prism, Archon  
  152  18:37  Zealot x8, Nexus  
  152  18:38  Zealot x2  
  174  18:42  Zealot x3  
  180  18:55  Disruptor  
  175  19:01  Pylon  
  171  19:02  Stalker, Pylon  
  171  19:03  Stalker x8  
  185  19:27  Shield Battery  
  185  19:28  Shield Battery  
  185  19:38  Zealot  
  185  19:43  Dark Templar x6  
  193  19:59  Zealot x5  
  195  20:00  Zealot  
  187  20:14  Pylon  
  187  20:19  Photon Cannon  
  187  20:20  Photon Cannon  
  187  20:23  High Templar x5  
  187  20:24  High Templar  
  189  20:32  Dark Templar x3  
  180  20:49  Dark Templar  
  180  20:50  Dark Templar x3  
  180  20:51  Disruptor  
  187  21:00  Photon Cannon  
Tags
 
Add a new tag
Caveats
  • Supply blocks, unpowered buildings, or Contaminate may cause inaccurate times.
  • Supply counts are checked every 10 seconds.